AoeStats
← Jazzmushroom

Black Forest

508583410Analyzed
4v4 RM · 9d ago on Sep 23, 2026· 51m 40s· 8 players
Game mode
Random Map
Map size
Large (8 player)
Population
200
Speed
Normal
Resources
Standard
Victory
Conquest
Starting age
Dark Age
Ending age
Imperial Age
RankedLock teamsTeams togetherTeam positionsShared explorationLock speedFull tech treeHidden civsTurbo modeCheats
Victory
Defeat
🇺🇸 Lithuanians · United States
1274
+14
1264
+14
🇺🇸 Danes · United States
1263
+14
🇭🇰 Britons · Hong Kong SAR China
1245
+15
🇺🇸 Danes · United States
1292
-16
🇺🇸 Varangians · United States
1288
-17
🇺🇸 Saxons · United States
1200
-13
🇺🇸 Chinese · United States
1129
-11
Jazzmushroom
10:38 Feudal Age
11:32 Double-Bit Axe
14:35 Castle Age
12:54 Horse Collar
17:19 Wheelbarrow
17:37 Heavy Plow
18:02 Bow Saw
21:52 Hand Cart
23:53 Forging
23:44 Scale Mail Armor
23:59 Gold Mining
25:24 Iron Casting
24:50 Loom
27:42 Imperial Age
25:30 Gambesons
25:46 Squires
28:51 Chain Mail Armor
29:29 Conscription
30:31 Blast Furnace
29:22 Arson
30:49 Coinage
30:01 Elite Varangian Guard
30:31 Town Watch
32:24 Plate Mail Armor
32:25 Banking
33:14 Gold Shaft Mining
36:41 Elite Jomsviking
45:04 Fletching
49:11 Hamask
OLD_SAINT_DICK
1:05 Loom
10:21 Feudal Age
10:59 Double-Bit Axe
16:03 Castle Age
15:04 Gold Mining
15:04 Stone Mining
15:37 Horse Collar
17:00 Bow Saw
17:22 Heavy Plow
23:10 Wheelbarrow
26:47 Imperial Age
25:06 Fletching
26:08 Bodkin Arrow
28:10 Conscription
28:21 Bracer
29:05 Hill Forts
32:07 Ballistics
34:13 Chemistry
34:19 Hand Cart
34:58 Bloodlines
34:49 Husbandry
35:19 Scale Barding Armor
36:08 Forging
37:17 Chain Barding Armor
37:48 Elite Leitis
40:47 Iron Casting
41:23 Plate Barding Armor
42:23 Padded Archer Armor
44:06 Leather Archer Armor
44:10 Caravan
45:57 Fervor
46:08 Sanctity
46:04 Block Printing
48:22 Ring Archer Armor
49:24 Two-Man Saw
51:38 Bracer
Мордочка в кефире
1:18 Loom
14:42 Feudal Age
18:49 Castle Age
17:36 Double-Bit Axe
18:03 Horse Collar
22:03 Stone Mining
23:57 Fletching
25:36 Gold Mining
26:10 Heavy Plow
27:42 Bodkin Arrow
leung
7:21 Loom
7:27 Loom
11:38 Feudal Age
12:48 Double-Bit Axe
15:47 Castle Age
13:30 Horse Collar
14:20 Stone Mining
16:53 Bow Saw
16:45 Heavy Plow
19:35 Wheelbarrow
24:28 Gold Mining
27:49 Imperial Age
25:35 Hand Cart
25:07 Town Watch
26:44 Gold Shaft Mining
26:59 Fletching
28:27 Ballistics
30:27 Scale Mail Armor
30:08 Man-at-Arms
31:11 Long Swordsman
32:22 Forging
31:53 Two-Handed Swordsman
35:56 Elite Longbowman
37:37 Yeomen
37:41 Conscription
37:59 Iron Casting
38:34 Champion
39:17 Squires
42:02 Blast Furnace
40:58 Bodkin Arrow
42:06 Chemistry
42:35 Chain Mail Armor
43:11 Town Patrol
43:07 Gambesons
45:07 Plate Mail Armor
47:19 Bracer
50:17 Padded Archer Armor
Nijoru
10:33 Feudal Age
12:27 Wheelbarrow
11:39 Loom
14:25 Castle Age
12:30 Double-Bit Axe
12:36 Horse Collar
13:15 Gold Mining
15:21 Bow Saw
21:11 Fletching
21:52 Arson
24:04 Squires
24:27 Scale Mail Armor
25:25 Chain Mail Armor
25:52 Wheelbarrow
25:03 Town Watch
25:21 Hamask
27:18 Forging
29:23 Iron Casting
28:56 Gambesons
39:39 Imperial Age
37:53 Heavy Plow
40:07 Hand Cart
41:00 Plate Mail Armor
40:38 Elite Varangian Guard
42:57 Conscription
42:22 Elite Jomsviking
44:56 Blast Furnace
45:25 Ballistics
46:05 Chemistry
47:13 Hoardings
JesusFreak
0:47 Loom
13:20 Feudal Age
18:09 Castle Age
18:33 Forging
18:30 Double-Bit Axe
20:25 Bow Saw
22:57 Horse Collar
25:06 Heavy Plow
26:10 Wheelbarrow
28:20 Scale Mail Armor
28:45 Gold Mining
30:52 Squires
30:39 Arson
31:37 Iron Casting
34:09 Chain Mail Armor
39:26 Imperial Age
37:14 Hand Cart
39:32 Elite Varangian Guard
40:46 Plate Mail Armor
41:28 Blast Furnace
Pabbon
7:23 Loom
11:01 Feudal Age
15:33 Castle Age
13:41 Padded Archer Armor
14:05 Fletching
14:32 Double-Bit Axe
15:30 Stone Mining
19:41 Leather Archer Armor
25:21 Wheelbarrow
25:35 Horse Collar
26:23 Gambesons
30:16 Hand Cart
29:47 Town Watch
30:36 Bodkin Arrow
30:49 Squires
34:19 Forging
34:11 Scale Mail Armor
38:04 Imperial Age
38:26 Iron Casting
38:06 Chain Mail Armor
39:16 Guilds
40:21 Elite Hearth Troop
41:23 Conscription
41:34 Bracer
42:04 Ring Archer Armor
42:47 Plate Mail Armor
41:51 Heavy Mounted Crossbowman
41:51 Cranequins
42:38 Thumb Ring
43:02 Ballistics
43:43 Chemistry
42:56 Masonry
ItalianShadow (⌐■_■)
0:28 Loom
13:18 Feudal Age
14:59 Wheelbarrow
14:30 Double-Bit Axe
14:50 Man-at-Arms
15:17 Arson
17:40 Horse Collar
25:17 Fletching
27:36 Castle Age
26:02 Padded Archer Armor
27:53 Crossbowman
28:40 Thumb Ring
28:34 Bodkin Arrow
28:40 Heavy Plow
29:53 Leather Archer Armor
32:37 Ballistics
32:46 Hand Cart
32:44 Bow Saw
35:36 Stone Mining
Connection lost

Rejoining the realm…

Still unreachable

The connection could not be restored.

Session expired

The server has moved on; the page needs a fresh start.